 Dungeon Crawl Stone Soup version 0.30-b1-2-g02819fbbbe (webtiles) character file.

Game seed: 16960784638823728718

104 erloom the Insei (level 4, -3/38 HPs)
             Began as a Naga Transmuter on May 14, 2023.
             Slain by Natasha (9 damage)
             ... on level 2 of the Dungeon.
             The game lasted 00:06:07 (1656 turns).

erloom the Insei (Naga Transmuter)                  Turns: 1656, Time: 00:06:07

Health: -3/38      AC:  2    Str: 12    XL:     4   Next: 80%
Magic:  7/8        EV: 10    Int: 15    God:
Gold:   56         SH:  0    Dex: 12    Spells: 8/9 levels left

rFire   . .          .
                       - Unarmed
rCold   . . .        (no shield)
rNeg    . . .        a - +0 robe
rPois   +            (helmet currently unavailable)
rElec   .            (no cloak)
rCorr   .            (no gloves)
SInv    +            (no barding)
Will    .....        (no amulet)
Stlth   +            (no ring)
HPRegen 0.26/turn    (no ring)
MPRegen 0.11/turn

%: no passive effects
@: appendages, slowed, very slow
A: horns 2, AC +1, large, see invisible, deformed body, poison resistance,
slowness 2, spit poison 1, naga tail 1
a: Spit Poison, End Transformation


You were on level 2 of the Dungeon.
You had temporarily grown beastly horns.
You visited 1 branch of the dungeon, and saw 2 of its levels.

You collected 56 gold pieces.

Inventory:

Missiles
 f - 3 poisoned darts
Armour
 a - a +0 robe (worn)
 c - a +0 buckler
Scrolls
 b - a scroll of immolation {unknown}
 d - a scroll of identify {unknown}
 e - a scroll of amnesia {unknown}
 h - a scroll of poison {unknown}
 j - 3 scrolls of fear {unknown}
 l - a scroll of brand weapon {unknown}
 n - a scroll of vulnerability {unknown}
Potions
 g - a potion of heal wounds {unknown}
 i - a potion of flight {unknown}
 k - a potion of might {unknown}
 m - a potion of curing {unknown}


   Skills:
 - Level 1.0 Fighting
 - Level 1.5 Dodging
 + Level 4.4 Unarmed Combat
 - Level 3.0 Spellcasting
 + Level 2.4 Transmutations


You had 8 spell levels left.
You knew the following spells:

 Your Spells              Type           Power      Damage    Failure   Level
a - Beastly Appendage     Tmut           18%        N/A       8%          1

Your spell library contained the following spells:

 Spells                   Type           Power      Damage    Failure   Level
 Wereblood                Tmut           9%         N/A       11%         2
 Spider Form              Tmut/Pois      5%         N/A       36%         3
 Ice Form                 Ice/Tmut       5%         N/A       77%         4
 Passage of Golubria      Tloc           2%         N/A       89%         4
 Silence                  Hex/Air        1%         N/A       99%         5
 Lehudib's Crystal Spear  Conj/Erth      1%         10d2      100%        8


Dungeon Overview and Level Annotations

Branches:
Dungeon (2/15)

Altars:

Annotations:
D:2 Natasha


Innate Abilities, Weirdness & Mutations

You have temporarily grown beastly horns.
Your serpentine skin is tough. (AC +1)
You have supernaturally acute eyesight. (SInv)
Armour fits poorly on your strangely shaped body.
Your system is resistant to poisons. (rPois)
You cover ground very slowly.
You can spit poison.
You have a snake-like lower body.


Message History

You have got your breath back.
Natasha stares at you and mumbles some strange words.
You resist with significant effort. Natasha claws you.
You hit Natasha.
You kill Natasha!
Natasha growls in agony!
Unknown command.
You start resting.
Magic restored.
You start resting.
Your horns disappear.
Natasha, Servant of Life and Death comes into view.
You feel yourself speed up.
Aiming: Spit Poison (1% risk of failure)
Press: ? - help, Shift-Dir - straight line, f - Natasha
Aim: Natasha (wandering, hasn't noticed you, 50% to hit)
The splash of poison hits Natasha.
Natasha is poisoned.
Natasha is moderately wounded.
Natasha wildly gestures.
Natasha shimmers violently.
Natasha stares at you and mumbles some strange words.
You feel yourself slow down. Natasha claws you!
Unknown command.
Unknown command.
Okay, then.
Casting: Beastly Appendage (safe; 8% risk of failure)
Confirm with . or Enter, or press ? or * to list all spells.
Okay, then.
Casting: Beastly Appendage (safe; 8% risk of failure)
Confirm with . or Enter, or press ? or * to list all spells.
You grow a pair of large bovine horns.
You have got your breath back.
Natasha claws you.
* * * LOW HITPOINT WARNING * * *
Unknown command.
Unknown command.
You hit Natasha. Your headbutt misses Natasha.
Natasha is severely wounded.
Natasha looks more healthy.
Natasha barely misses you. Natasha claws you!
You die...

........###.#####.#.########
..##....# #.......#.#
#.#..###.#######.#
...#.......# ... #.......#
##..#.......# ........†#
##.....†.# #....h@.#
#....!..# .......### ..###..
. #.. ... ##.. #..


You could see Natasha.

Vanquished Creatures
  Natasha (D:2)
  4 adders (D:2)
  A dart slug (D:1)
  A ball python (D:2)
  4 endoplasms
  2 giant cockroaches (D:1)
  3 goblins (D:1)
  7 hobgoblins
  3 kobolds
  4 quokkas (D:2)
  3 bats
  2 frilled lizards (D:1)
  4 rats (D:1)
39 creatures vanquished.

Notes
Turn   | Place    | Note
-------+----------+-------------------------------------------
     0 | D:1      | erloom the Naga Transmuter began the quest for the Orb.
     0 | D:1      | Reached XP level 1. HP: 18/18 MP: 3/3
   228 | D:1      | Reached XP level 2. HP: 25/25 MP: 5/5
   828 | D:1      | Reached XP level 3. HP: 27/31 MP: 6/6
   974 | D:2      | HP: 1/31 [poisoned by an adder]
   977 | D:2      | Reached skill level 4 in Unarmed Combat
  1214 | D:2      | Reached XP level 4. HP: 19/38 MP: 6/8
  1627 | D:2      | Noticed Natasha
  1637 | D:2      | Killed Natasha
  1651 | D:2      | Noticed Natasha
  1656 | D:2      | Slain by Natasha

Illustrated notes

Levels and vault maps discovered:
D:1:      shiori_arrival_maze, layout_loops_ring, minmay_distorted
D:2:      layout_loops_cross, minmay_tetromino_l2, uniq_natasha

Skill      XL: |  1  2  3  4 |
---------------+-------------+-----
Unarmed Combat | 4 |  4.4
Spellcasting   | 3 |  3.0
Fighting       | |  1.0
Dodging        | |  1.5
Transmutations | |  2.4

Action                     |  1- 3 |  4- 6 || total
---------------------------+-------+-------++-------
  Melee: Unarmed           |   112 |    28 ||   140
         Punch             |     4 |       ||     4
         Headbutt          |     1 |     3 ||     4
   Cast: Beastly Appendage |     1 |     3 ||     4
Ability: Spit Poison       |    17 |     5 ||    22
    Use: Potion            |     1 |       ||     1
   Stab: Sleeping          |     2 |     1 ||     3
 Armour: Robe              |    20 |     4 ||    24
         Skin              |     1 |       ||     1
  Dodge: Dodged            |    45 |    11 ||    56
